 Dungeon Crawl Stone Soup version 0.31-a0-988-g08d55dae12 (webtiles) character file.

Game seed: 12932582358347248918

2821 Pixllover the Grappler (level 9, 0/67 (68) HPs)
             Began as a Gnoll Shapeshifter on Nov 4, 2023.
             Was a Follower of Trog.
             Slain by a howler monkey (2 damage)
             ... on level 8 of the Dungeon.
             The game lasted 00:12:06 (8699 turns).

Pixllover the Grappler (Gnoll Shapeshifter)         Turns: 8699, Time: 00:12:07

HP:   0/67 (68)     AC:  3    Str: 17    XL:     9   Next: 73%
MP:   15/15         EV: 14    Int: 10    God:    Trog [*.....]
Gold: 351           SH:  0    Dex: 12    Spells: 17/17 levels left

rFire   . .          .
                       - Unarmed
rCold   + . .        (shield currently unavailable)
rNeg    . . .        a - +1 animal skin
rPois   .            (no helmet)
rElec   .            (no cloak)
rCorr   .            (no gloves)
SInv    .            (no boots)
Will    .....        w - amulet of regeneration
Stlth   +            g - ring of protection from cold
HPRegen 1.11/turn    (no ring)
MPRegen 0.14/turn

%: no passive effects
@: flux-form, glowing, lightly drained
A: glow, contaminating, fangs 1, strong nose, distributed training
a: Begin Untransformation, Renounce Religion, Berserk


You were on level 8 of the Dungeon.
You worshipped Trog.
Trog was aware of your devotion.
You were something dangerously unstable.
You visited 2 branches of the dungeon, and saw 9 of its levels.
You also visited: Sewer.

You collected 351 gold pieces.

Inventory:

Missiles
 f - 15 poisoned darts
 x - a throwing net
 A - 5 javelins
Armour
 a - a +1 animal skin (worn)
Jewellery
 g - a ring of protection from cold (left hand)
 w - an amulet of regeneration (around neck)
Talismans
 c - a beast talisman
 d - a flux talisman (active)
Wands
 s - a wand of iceblast (33)
 v - a wand of polymorph (10)
Scrolls
 e - 2 scrolls of enchant armour
 j - 4 scrolls of vulnerability {unknown}
 o - 6 scrolls of enchant weapon {unknown}
 q - a scroll of teleportation {unknown}
 t - a scroll of brand weapon {unknown}
 u - 5 scrolls of identify
 y - 3 scrolls of butterflies {unknown}
 z - a scroll of torment {unknown}
Potions
 b - 3 potions of lignification
 h - 2 potions of attraction
 i - 6 potions of might
 k - a potion of haste {unknown}
 l - a potion of cancellation {unknown}
 m - 2 potions of heal wounds
 n - a potion of invisibility {unknown}
 p - 2 potions of resistance {unknown}
 r - 2 potions of brilliance {unknown}


   Skills:
 + Level 5.3 Fighting
 + Level 4.6 Short Blades
 + Level 4.6 Long Blades
 + Level 4.6 Axes
 + Level 4.6 Maces & Flails
 + Level 4.6 Polearms
 + Level 4.6 Staves
 + Level 4.6 Ranged Weapons
 + Level 4.6 Throwing
 + Level 4.6 Armour
 + Level 6.6 Dodging
 + Level 4.6 Stealth
 + Level 4.6 Shields
 + Level 8.1 Unarmed Combat
 + Level 4.6 Spellcasting
 + Level 3.8 Conjurations
 + Level 3.8 Hexes
 + Level 3.8 Summonings
 + Level 3.8 Necromancy
 + Level 3.8 Translocations
 + Level 3.8 Transmutations
 + Level 3.8 Fire Magic
 + Level 3.8 Ice Magic
 + Level 3.8 Air Magic
 + Level 3.8 Earth Magic
 + Level 3.8 Poison Magic
 + Level 5.1 Invocations
 + Level 4.6 Evocations
 + Level 7.8 Shapeshifting


You had 17 spell levels left.
You didn't know any spells.
Your spell library contained the following spells:

 Spells                   Type           Power      Damage    Failure   Level
 Cigotuvi's Dreadful Rot  Necr/Pois/Air  18%        N/A       8%          2
 Summon Guardian Golem    Hex/Summ       9%         N/A       16%         3
 Dispel Undead            Necr           9%         3d8       45%         4
 Death Channel            Necr           4%         N/A       100%        6
 Orb of Destruction       Conj           4%         9d5       100%        7
 Spellforged Servitor     Conj/Summ      4%         N/A       100%        7


Dungeon Overview and Level Annotations

Branches:
Dungeon (8/15)             Temple (1/1) D:5           Sewer (visited)
   Lair: D:8-11

Altars:
Ashenzari
Cheibriados
Dithmenos
Elyvilon
Fedhas
Gozag
Hepliaklqana
Makhleb
Okawaru
Qazlal
Ru
Sif Muna
Trog
Uskayaw
Vehumet
Wu Jian
Xom
Yredelemnul
Zin

Shops:
D:1 [   D:2 [   D:6 (


Innate Abilities, Weirdness & Mutations

You are something dangerously unstable.
You glow with magical radiation, making you easy to see and hit.
Foes you strike become dangerously contaminated with magical radiation.
You are incapable of wielding weapons or throwing items.
You have very sharp teeth.
Your uncanny sense of smell can sniff out nearby items.
Your experience applies equally to all skills.


Message History

The centaur unwields a +0 shortbow.
The centaur barely misses you.
The centaur kicks you but does no damage.
The wight barely misses you.
Items here: ))) [[.
You barely miss the centaur. The centaur barely misses you. x2
A howler monkey comes into view.
The wight misses you. The centaur hits you. The centaur kicks you.
The black bear growls angrily.
You hit the centaur but do no damage.
The centaur begins to glow.
You bite the centaur, but do no damage. The centaur hits you.
The centaur misses you. The wight hits you with a +0 scimitar!
* * * LOW HITPOINT WARNING * * *
You hit the centaur.
The centaur glows dangerously bright.
You bite the centaur, but do no damage.
The centaur is moderately wounded.
The centaur barely misses you. The centaur misses you.
The wight completely misses you.
A wyvern comes into view.
The wyvern hisses angrily.
You hit the centaur.
The centaur shudders as magic cascades through it!
You kill the centaur!
Trog accepts your kill.
You hit the wight.
The wight begins to glow.
The wight is moderately damaged.
The wight hits you with a +0 scimitar!
* * * LOW HITPOINT WARNING * * *
The howler monkey hoots and howls with incredible vigour!
You hear a roar!
You hear a shout! x3
You hit the wight.
The wight glows dangerously bright.
The wight is heavily damaged.
The wight hits you with a +0 scimitar.
* * * LOW HITPOINT WARNING * * *
You feel drained.
* * * LOW HITPOINT WARNING * * *
The howler monkey completely misses you.
You barely miss the wight.
The wight is heavily damaged.
The howler monkey hits you.
You die...

# ## ##. #.
... #. # ..#
.#. #.#.l.
.######h#.# ∆
......#.)# ∆
∆ #.zh# ∆
#.#p# # #.##
#..## ##..##
##..#
####+##..##..
#.......##...
#......##...
#......#..#


You could see a black bear, a wyvern, a howler monkey (catching breath) and a
wight (heavy contam).

Vanquished Creatures
  Grinder (D:3)
  Sigmund (D:3)
  A steam dragon (D:7)
  2 water moccasins (D:7)
  2 orc warriors (D:8)
  A sky beast (D:6)
  4 ice beasts
  2 centaurs
  3 kobold brigands
  A bullfrog (D:7)
  A gnoll sergeant (D:8)
  4 howler monkeys
  2 hounds (D:6)
  5 jellies
  An orc priest (D:6)
  Crazy Yiuf (D:4)
  3 orc wizards
  5 sleepcaps
  Natasha (thrice) (D:3)
  2 iguanas
  A hell rat (Sewer)
  A gnoll (D:7)
  7 adders
  2 river rats (Sewer)
  2 shadow imps (D:5)
  5 worms
  A dart slug (D:3)
  11 orcs
  6 bats
  9 endoplasms
  4 giant cockroaches
  7 goblins
  7 hobgoblins
  11 quokkas
  13 ball pythons
  2 frilled lizards
  29 kobolds
  13 rats
176 creatures vanquished.

Notes
Turn   | Place    | Note
-------+----------+-------------------------------------------
     0 | D:1      | Pixllover the Gnoll Shapeshifter began the quest for the
                  | Orb.
     0 | D:1      | Reached XP level 1. HP: 17/17 MP: 1/1
    93 | D:1      | Reached XP level 2. HP: 5/23 MP: 2/2
   338 | D:1      | Found Leluz's Antique Armour Emporium.
   490 | D:1      | Reached XP level 3. HP: 28/28 MP: 3/3
   881 | D:1      | Reached skill level 1 in Invocations
   966 | D:2      | Found a faded altar of an unknown god.
  1186 | D:2      | Reached skill level 1 in Short Blades
  1186 | D:2      | Reached skill level 1 in Long Blades
  1186 | D:2      | Reached skill level 1 in Axes
  1186 | D:2      | Reached skill level 1 in Maces & Flails
  1186 | D:2      | Reached skill level 1 in Polearms
  1186 | D:2      | Reached skill level 1 in Staves
  1186 | D:2      | Reached skill level 1 in Ranged Weapons
  1186 | D:2      | Reached skill level 1 in Throwing
  1186 | D:2      | Reached skill level 1 in Armour
  1186 | D:2      | Reached skill level 1 in Stealth
  1186 | D:2      | Reached skill level 1 in Shields
  1186 | D:2      | Reached skill level 1 in Spellcasting
  1186 | D:2      | Reached skill level 1 in Evocations
  1330 | D:2      | Identified the +1 spear "Lovud" {flame, Str-5 Int+7 Dex+3}
  1397 | D:2      | Reached XP level 4. HP: 34/34 MP: 5/5
  1581 | D:2      | Reached skill level 1 in Conjurations
  1581 | D:2      | Reached skill level 1 in Hexes
  1581 | D:2      | Reached skill level 1 in Summonings
  1581 | D:2      | Reached skill level 1 in Necromancy
  1581 | D:2      | Reached skill level 1 in Translocations
  1581 | D:2      | Reached skill level 1 in Transmutations
  1581 | D:2      | Reached skill level 1 in Fire Magic
  1581 | D:2      | Reached skill level 1 in Ice Magic
  1581 | D:2      | Reached skill level 1 in Air Magic
  1581 | D:2      | Reached skill level 1 in Earth Magic
  1581 | D:2      | Reached skill level 1 in Poison Magic
  1701 | D:2      | Found Odwerauzoa's Antique Armour Emporium.
  1821 | D:3      | Noticed Sigmund
  1828 | D:3      | Killed Sigmund
  1829 | D:3      | Reached XP level 5. HP: 41/41 MP: 5/7
  1829 | D:3      | Reached XP level 6. HP: 47/47 MP: 5/8
  2007 | D:3      | Found a glowing drain.
  2016 | Sewer    | Entered a sewer
  2073 | Sewer    | Reached skill level 5 in Dodging
  2269 | D:3      | Noticed Grinder
  2307 | D:3      | Paralysed by Grinder for 4 turns
  2314 | D:3      | Killed Grinder
  2315 | D:3      | Reached skill level 7 in Unarmed Combat
  2315 | D:3      | Reached XP level 7. HP: 16/52 MP: 10/10
  2631 | D:3      | Found a burning altar of Makhleb.
  2673 | D:3      | Noticed Natasha
  2678 | D:3      | Killed Natasha
  2796 | D:3      | Noticed Natasha
  2802 | D:3      | Killed Natasha
  3333 | D:3      | Found a burning altar of Makhleb.
  3586 | D:3      | Noticed Natasha
  3589 | D:3      | Killed Natasha
  4997 | D:4      | Found a runed translucent door.
  4998 | D:4      | Noticed Crazy Yiuf
  5006 | D:4      | Killed Crazy Yiuf
  5208 | D:5      | Entered Level 5 of the Dungeon
  5811 | D:5      | Found a staircase to the Ecumenical Temple.
  5828 | Temple   | Entered the Ecumenical Temple
  6021 | Temple   | Became a worshipper of Trog the Wrathful
  6323 | D:6      | Reached XP level 8. HP: 34/60 MP: 12/12
  6743 | D:6      | Found an opulent altar of Gozag.
  7270 | D:6      | Found Qaygry's Weapon Shoppe.
  7561 | D:6      | Found a shimmering altar of Xom.
  7880 | D:7      | Reached XP level 9. HP: 53/66 MP: 14/14
  8053 | D:7      | Reached skill level 5 in Fighting
  8073 | D:7      | Reached * piety under Trog
  8088 | D:7      | Found an iron altar of Okawaru.
  8265 | D:7      | Reached skill level 8 in Unarmed Combat
  8683 | D:8      | Reached skill level 5 in Invocations
  8698 | D:8      | HP: 3/68 [wight/+0 scimitar (4)]
  8698 | D:8      | HP: 1/67 [wight/+0 scimitar (2)]
  8699 | D:8      | Slain by a howler monkey

Illustrated notes

Levels and vault maps discovered:
D:1:      dpeg_arrival_chambers_temple_mockup, layout_basic, serial_shops, shop,
          minmay_indecisive_spiral
D:2:      minmay_general_purpose_star, layout_basic, serial_shops, shop,
          basic_ecumenical_altar
D:3:      layout_loops_corners, mainiacjoe_overflow_chevrons,
          gup_sewer_entry_bubbles, serial_bayou_ford_a, chequers_arboretum,
          grunt_ministairs_2, skrybe_limestone_x, minmay_misc_feat_encased,
          serial_park_tiny_1, grunt_decor_resistance, uniq_natasha,
          uniq_grinder, uniq_sigmund
D:4:      nicolae_cairo_tiling, layout_basic, uniq_crazy_yiuf_cottage
D:5:      layout_basic, temple_hall
D:6:      layout_loops_corners, dk_xom_monty_hall, mainiacjoe_overflow_24_doors,
          serial_shops, shop
D:7:      layout_cave_pools, okawaru_altar_gauntlet_db
D:8:      minmay_the_grid_octo_2x2 [minmay_the_grid_octo_focus,
          minmay_the_grid_octo_tetromino_candy, minmay_the_grid_octo_concentric,
          minmay_the_grid_octo_prize_big_c], layout_basic,
          erik_lair_orcish_takeover
Temple:   nicolae_temple_superstar

Skill      XL: |  1  2  3  4  5  6  7  8  9 |
---------------+----------------------------+-----
Invocations    | 1 2 3 4 5 |  5.1
Short Blades   | 1 2 3 4 |  4.6
Long Blades    | 1 2 3 4 |  4.6
Axes           | 1 2 3 4 |  4.6
Maces & Flails | 1 2 3 4 |  4.6
Polearms       | 1 2 3 4 |  4.6
Staves         | 1 2 3 4 |  4.6
Ranged Weapons | 1 2 3 4 |  4.6
Throwing       | 1 2 3 4 |  4.6
Armour         | 1 2 3 4 |  4.6
Stealth        | 1 2 3 4 |  4.6
Shields        | 1 2 3 4 |  4.6
Spellcasting   | 1 2 3 4 |  4.6
Evocations     | 1 2 3 4 |  4.6
Conjurations   | 1 2 3 |  3.8
Hexes          | 1 2 3 |  3.8
Summonings     | 1 2 3 |  3.8
Necromancy     | 1 2 3 |  3.8
Translocations | 1 2 3 |  3.8
Transmutations | 1 2 3 |  3.8
Fire Magic     | 1 2 3 |  3.8
Ice Magic      | 1 2 3 |  3.8
Air Magic      | 1 2 3 |  3.8
Earth Magic    | 1 2 3 |  3.8
Poison Magic   | 1 2 3 |  3.8
Fighting       | 3 4 5 |  5.3
Dodging        | 5 6 |  6.6
Unarmed Combat | 7 8 |  8.1
Shapeshifting  | 7 |  7.8

Action                     |  1- 3 |  4- 6 |  7- 9 || total
---------------------------+-------+-------+-------++-------
  Melee: Unarmed           |   102 |    75 |   330 ||   507
         Bite              |    18 |     7 |    38 ||    63
         Punch             |     1 |     4 |     5 ||    10
    Use: Scroll            |       |     5 |       ||     5
         Potion            |       |     1 |     2 ||     3
   Stab: Distracted        |     1 |       |     1 ||     2
         Sleeping          |       |       |     3 ||     3
 Armour: Animal skin       |    73 |    41 |   210 ||   324
         Skin              |       |       |    26 ||    26
  Dodge: Dodged            |   105 |    46 |   232 ||   383
   Form: Flux              |       |       |     1 ||     1

Table legend: (Time is in decaauts)
 A = Elapsed time spent in this place.
 B = Non-inter-level travel time spent in this place.
 C = Inter-level travel time spent in this place.
 D = Time resting spent in this place.
 E = Time spent auto-exploring this place.
 F = Levels seen in this place.
 G = Mean time per level.
                   A        B        C        D        E       F      G
               +--------+--------+--------+--------+--------+-----+--------+
         Total |   8728 |   8489 |    239 |    875 |   5915 |  10 |  872.8 |
       Dungeon |   8307 |   8081 |    226 |    792 |   5887 |   8 | 1038.4 |
        Temple |    206 |    193 |     13 |      0 |      0 |   1 |  206.0 |
         Sewer |    214 |    214 |      0 |     83 |     28 |   1 |  214.0 |
               +--------+--------+--------+--------+--------+-----+--------+

Top non-repeatable levels by time:
     D:3: 2197 daAuts
     D:6: 1493 daAuts
     D:4: 1062 daAuts
     D:1: 948 daAuts
     D:5: 860 daAuts
     D:2: 853 daAuts
     D:7: 803 daAuts
   Sewer: 214 daAuts
  Temple: 206 daAuts
     D:8: 90 daAuts
